 Dungeon Crawl Stone Soup version 0.29-a0-297-g7659ce593d (webtiles) character file.

Game seed: 12808356029883576705

25145 Dabor the Fighter (level 13, 0/84 HPs)
             Began as a Gargoyle Fighter on Mar 21, 2022.
             Was the Champion of Okawaru.
             Slain by an orc warrior
             ... wielding a +0 halberd
              (21 damage)
             ... on level 2 of the Orcish Mines.
             The game lasted 00:39:19 (12087 turns).

Dabor the Fighter (Gargoyle Fighter)               Turns: 12087, Time: 00:39:20

Health: 0/84       AC: 39    Str: 26    XL:     13   Next: 17%
Magic:  15/17      EV: 14    Int:  3    God:    Okawaru [******]
Gold:   1007       SH: 15    Dex: 24    Spells: 12/12 levels left

rFire   . . .      SeeInvis +   l - +7 morningstar of Conformity {drain, rElec Int-5 Dex+6}
rCold   . . .      Faith    .   x - +0 kite shield
rNeg    + + +      Spirit   .   a - +9 plate armour of Beyond {rN+ Dex+3}
rPois   ∞          Reflect  .   g - +2 hat
rElec   +          Harm     .   m - +0 cloak
rCorr   .          Rampage  .   (no gloves)
Will    .....                   (no boots)
Stlth   ..........              D - amulet of regeneration
HPRegen 1.04/turn               v - +6 ring of dexterity
MPRegen 0.15/turn               s - ring "Ogiaf" {*Slow Fly rPois rN+ SInv}

@: heroic, flying, hasted and slowed, studying Ice Magic
A: sickness immunity, AC +9, negative energy resistance 1, electricity
resistance, torment resistance 1, petrification resistance
a: Renounce Religion, Heroism, Finesse, Duel


You were on level 2 of the Orcish Mines.
You worshipped Okawaru.
Okawaru was exalted by your worship.
You visited 3 branches of the dungeon, and saw 14 of its levels.
You also visited: Ice Cave.

You collected 1217 gold pieces.
You spent 210 gold pieces at shops.

Inventory:

Hand Weapons
 d - the +9 mace "Orelol" {flame, *Slow Dex+8 Stlth+}
   (You found it on level 2 of the Dungeon)

   It burns those it strikes, dealing additional fire damage.
   Dex:       It affects your dexterity (+8).
   *Slow:     It may slow you when you take damage.
   Stlth:     It makes you more stealthy.
 l - the +7 morningstar of Conformity (weapon) {drain, rElec Int-5 Dex+6}
   (Okawaru gifted it to you in an ice cave)

   A truly terrible weapon, it drains the life of any living foe it strikes.
   Int:       It affects your intelligence (-5).
   Dex:       It affects your dexterity (+6).
   rElec:     It insulates you from electricity.
 H - a +2 demon blade of freezing
 L - the +8 hand axe "Ziapuet" {vorpal, rN+++ Dex+3 Stlth-}
   (You took it off an orc wizard on level 10 of the Dungeon)

   It inflicts extra damage upon your enemies.
   Dex:       It affects your dexterity (+3).
   rN:        It renders you almost immune to negative energy.
   Stlth:     It makes you less stealthy.
Missiles
 c - 5 javelins
 h - 5 silver javelins (quivered)
 I - 10 boomerangs
 N - 10 atropa-tipped darts
Armour
 a - the +9 plate armour of Beyond (worn) {rN+ Dex+3}
   (You acquired it on level 9 of the Dungeon)

   Dex:       It affects your dexterity (+3).
   rN:        It protects you from negative energy.
 g - a +2 hat (worn)
 m - a +0 cloak (worn)
 x - a +0 kite shield (worn)
 C - a +0 hat of see invisible
Jewellery
 s - the ring "Ogiaf" (right hand) {*Slow Fly rPois rN+ SInv}
   (You found it on level 4 of the Dungeon)

   [ring of flight]

   rPois:     It protects you from poison.
   rN:        It protects you from negative energy.
   SInv:      It lets you see invisible.
   Fly:       It grants you flight.
   *Slow:     It may slow you when you take damage.
 v - a +6 ring of dexterity (left hand)
 D - an amulet of regeneration (around neck)
Wands
 n - a wand of digging (5)
 t - a wand of paralysis (2)
 O - a wand of iceblast (14)
 P - a wand of polymorph (12)
Scrolls
 e - a scroll of enchant weapon
 f - 5 scrolls of teleportation
 o - 6 scrolls of immolation
 p - a scroll of enchant armour {unknown}
 u - a scroll of amnesia
 y - 2 scrolls of holy word
 A - a scroll of torment
 E - a scroll of silence
 G - 2 scrolls of fog {unknown}
 J - a scroll of brand weapon {unknown}
 Q - a scroll of vulnerability {unknown}
Potions
 b - a potion of invisibility {unknown}
 i - 3 potions of brilliance
 j - a potion of lignification {unknown}
 q - a potion of mutation {unknown}
 r - 6 potions of curing {unknown}
 w - 2 potions of heal wounds {unknown}
 z - a potion of flight {unknown}
 B - a potion of attraction {unknown}
 F - 2 potions of resistance {unknown}
 K - 3 potions of magic {unknown}
 M - a potion of might


   Skills:
 * Level 11.1(16.1) Fighting
 * Level 10.1(15.1) Maces & Flails
 - Level 5.0(10.0) Throwing
 * Level 11.1(16.1) Armour
 + Level 5.5(10.5) Dodging
 + Level 9.7(14.7) Shields
 + Level 6.0 Invocations
 + Level 4.7 Evocations


You had 12 spell levels left.
You didn't know any spells.
Your spell library contained the following spells:

 Spells                   Type           Power      Damage    Failure   Level
 Magic Dart               Conj           0%         1d3       100%        1
 Slow                     Hex            0%         N/A       100%        1
 Confusing Touch          Hex            0%         N/A       100%        3
 Gell's Gravitas          Tloc           0%         N/A       100%        3
 Lesser Beckoning         Tloc           0%         N/A       100%        3
 Mephitic Cloud           Conj/Pois/Air  0%         N/A       100%        3
 Stone Arrow              Conj/Erth      0%         3d7       100%        3
 Teleport Other           Tloc           0%         N/A       100%        3
 Vampiric Draining        Necr           0%         2d6       100%        3
 Lehudib's Crystal Spear  Conj/Erth      0%         10d2      100%        8
 Summon Small Mammal      Summ           Unusable   N/A       N/A         1
 Call Imp                 Summ           Unusable   N/A       N/A         2
 Call Canine Familiar     Summ           Unusable   N/A       N/A         3
 Summon Guardian Golem    Hex/Summ       Unusable   N/A       N/A         3
 Animate Armour           Summ/Erth      Unusable   N/A       N/A         4

Dungeon Overview and Level Annotations

Branches:
Dungeon (11/15)            Temple (1/1) D:6            Lair (0/6) D:10
    Orc (2/2) D:10          IceCv (visited)
    Elf: Orc:2

Altars:
Ashenzari
Cheibriados
Dithmenos
Elyvilon
Fedhas
Gozag
Hepliaklqana
Kikubaaqudgha
Makhleb
Nemelex Xobeh
Okawaru
Qazlal
Ru
Sif Muna
Trog
Uskayaw
Vehumet
Wu Jian
Xom
Yredelemnul
Zin
The Shining One

Shops:
D:10 [

Annotations:
D:11 2 transporters, exclusion: ice statue, zynnq's ghost, journeyman DDHu


Innate Abilities, Weirdness & Mutations

You are immune to sickness and miasma.
Your stone body is resilient. (AC +9)
You are immune to poison.
You resist negative energy. (rN+)
You are resistant to electric shocks. (rElec)
You are resistant to unholy torment.
You are immune to petrification.


Message History

An orc warrior comes into view. It is wielding a +0 hand axe.
The warg bites you but does no damage. x2
Okay, then.
Okay, then.
You feel yourself speed up.
The orc warrior no longer looks unusually strong.
The orc no longer looks unusually strong.
The warg bites you. The warg closely misses you.
The orc knight roars a battlecry!
The orcs go into a battle-frenzy!
An orc warrior comes into view. It is wielding a +0 scimitar.
The warg bites you but does no damage. You block the orc warrior's attack.
The warg bites you. You block the orc knight's attack.
You gain the combat prowess of a mighty hero.
The orc no longer looks unusually strong.
You block the warg's attack. The warg bites you but does no damage.
The orc knight roars a battlecry!
The orc goes into a battle-frenzy!
The orc warrior closely misses you.
The orc priest looks encouraged for a moment.
You puncture the orc knight! You drain the orc knight.
The orc knight is lightly wounded.
The orc no longer looks unusually strong.
The warg bites you but does no damage. You block the warg's attack.
The orc knight hits you from afar with a +0 glaive!
The orc knight hits you with a +0 dire flail!
* * * LOW HITPOINT WARNING * * *
The orc warrior closely misses you.
Aiming: Duel (45% risk of failure)
Press: ? - help, Dir - move target, f - orc sorcerer
Aim: an orc sorcerer, wielding a +0 dagger and wearing a +0 robe (strong)
You fail to use your ability.
The orc knight no longer looks unusually strong.
You block the warg's attack. The warg bites you but does no damage.
The orc knight roars a battlecry!
The orc goes into a battle-frenzy!
An orc comes into view. It is wielding a +0 mace.
You block the orc knight's attack. The warg bites you but does no damage.
The orc warrior hits you from afar with a +0 halberd!!
You die...

...#....
..........
.......
#......... ......
........# .....##
##........
#....###<........
#..$.o.#...#.....
#.)ooo....## ...
###oooo...## .
#@hooo.†..#
##hhoo...##
##ooo..##
##ooo.).#
#.oo....#
......##.o......
.....####........
..... ###......
.$... ......


You could see 3 orc knights, 3 wargs, 2 orc sorcerers, 8 orc warriors, 3 orc
priests and 5 orcs.

Vanquished Creatures
  A frost giant (IceCv)
  A hydra (D:11)
  2 two-headed ogres (D:9)
  6 death yaks (IceCv)
  A skeletal warrior (D:9)
  3 orc knights
  An orc sorcerer (D:10)
  An ugly thing (D:11)
  A cyclops (D:10)
  An ice statue (IceCv)
  2 unseen horrors
  A troll (D:10)
  10 polar bears (IceCv)
  Grinder (D:3)
  Sigmund (D:3)
  2 wraiths
  A shadow (D:10)
  28 yaks
  Menkaure (D:6)
  5 wargs
  An acid dragon (D:11)
  3 water moccasins
  7 orc warriors
  A sky beast (D:8)
  5 black bears
  3 ice beasts
  6 ogres
  16 wolves (IceCv)
  6 centaurs
  3 kobold brigands
  6 bullfrogs
  A gnoll sergeant (D:9)
  4 necrophages
  6 scorpions
  9 wights
  10 killer bees
  2 electric eels (D:9)
  A howler monkey (D:6)
  A hound (D:5)
  3 jellies
  Crazy Yiuf (D:2)
  7 orc priests
  Terence (D:3)
  13 orc wizards
  Robin (D:2)
  3 gnolls (D:3)
  9 adders
  2 shadow imps
  13 white imps
  A worm (D:5)
  A dart slug (D:5)
  67 orcs
  7 endoplasms
  5 giant cockroaches
  16 goblins
  9 hobgoblins
  6 jackals
  18 kobolds
  4 quokkas
  7 ball pythons
  3 bats
  6 rats
364 creatures vanquished.

Vanquished Creatures (others)
  14 fungi (D:10)
  39 plants
53 creatures vanquished.

Grand Total: 417 creatures vanquished

Notes
Turn   | Place    | Note
-------+----------+-------------------------------------------
     0 | D:1      | Dabor the Gargoyle Fighter began the quest for the Orb.
     0 | D:1      | Reached XP level 1. HP: 14/14 MP: 1/1
   638 | D:2      | Reached XP level 2. HP: 19/19 MP: 2/2
   792 | D:2      | Noticed Robin
   794 | D:2      | Reached XP level 3. HP: 20/23 MP: 3/3
   805 | D:2      | Killed Robin
  1065 | D:2      | Found a runed translucent door.
  1066 | D:2      | Noticed Crazy Yiuf
  1075 | D:2      | Killed Crazy Yiuf
  1076 | D:2      | Reached XP level 4. HP: 13/29 MP: 4/4
  1078 | D:2      | Identified the +9 mace "Orelol" {flame, *Slow Dex+8 Stlth+}
  1798 | D:3      | Noticed Terence
  1804 | D:3      | Killed Terence
  1834 | D:3      | Reached XP level 5. HP: 26/33 MP: 5/5
  2410 | D:3      | Noticed Grinder
  2423 | D:3      | Killed Grinder
  2424 | D:3      | Reached XP level 6. HP: 33/40 MP: 6/6
  2563 | D:3      | Identified the +4 quarterstaff of Kagasait {spect, SInv
                  | Stlth+}
  2679 | D:3      | Noticed Sigmund
  2691 | D:3      | Killed Sigmund
  2692 | D:3      | Reached skill level 5 in Fighting
  2692 | D:3      | Reached skill level 5 in Armour
  2692 | D:3      | Reached skill level 5 in Shields
  2692 | D:3      | Reached XP level 7. HP: 37/44 MP: 7/7
  3402 | D:4      | Found a hide-covered altar of Uskayaw.
  3402 | D:4      | Found a white marble altar of Elyvilon.
  3482 | D:4      | Identified the ring "Ogiaf" {*Slow Fly rPois rN+ SInv}
  3988 | D:5      | Entered Level 5 of the Dungeon
  4102 | D:5      | Reached XP level 8. HP: 30/51 MP: 8/8
  4460 | D:5      | Reached skill level 5 in Maces & Flails
  4865 | D:5      | Reached skill level 1 in Throwing
  4865 | D:5      | Reached skill level 1 in Dodging
  5078 | D:6      | Found a staircase to the Ecumenical Temple.
  5089 | D:6      | Noticed Menkaure
  5096 | D:6      | Killed Menkaure
  5104 | Temple   | Entered the Ecumenical Temple
  5439 | Temple   | Became a worshipper of Warmaster Okawaru
  5829 | D:6      | Reached XP level 9. HP: 56/56 MP: 9/9
  5855 | D:6      | Reached * piety under Okawaru
  6109 | D:6      | Found a shimmering altar of Xom.
  6110 | D:6      | Found a glowing golden altar of the Shining One.
  6111 | D:6      | Found a bloodstained altar of Trog.
  6111 | D:6      | Found an ancient bone altar of Kikubaaqudgha.
  6661 | D:7      | Reached ** piety under Okawaru
  7245 | D:8      | Identified the +1 ring mail "Ikhliesm" {Rampage Will+++
                  | Str-5 Dex+4}
  7373 | D:8      | Identified the +1 chain mail of the Green God {Regen+}
  7462 | D:8      | Reached XP level 10. HP: 63/63 MP: 10/10
  7465 | D:8      | Reached skill level 1 in Invocations
  7889 | D:9      | Noticed a skeletal warrior
  7906 | D:9      | Killed a skeletal warrior
  7906 | D:9      | Reached *** piety under Okawaru
  7912 | D:9      | Identified a scroll of acquirement
  7916 | D:9      | Acquired the +9 plate armour of Beyond {rN+ Dex+3}
  8008 | D:9      | Noticed a two-headed ogre
  8019 | D:9      | Killed a two-headed ogre
  8020 | D:9      | Reached skill level 1 in Evocations
  8041 | D:9      | Reached **** piety under Okawaru
  8109 | D:9      | Noticed a two-headed ogre
  8117 | D:9      | Killed a two-headed ogre
  8117 | D:9      | Received a gift from Okawaru
  8147 | D:9      | Noticed an unseen horror
  8154 | D:9      | Killed an unseen horror
  8584 | D:9      | Reached XP level 11. HP: 69/69 MP: 13/13
  8765 | D:10     | Entered Level 10 of the Dungeon
  8771 | D:10     | Identified the +8 hand axe "Ziapuet" {vorpal, rN+++ Dex+3
                  | Stlth-}
  8814 | D:10     | Reached ***** piety under Okawaru
  8833 | D:10     | Found Xylah's Antique Armour Shoppe.
  8840 | D:10     | Bought a runed helmet for 210 gold pieces
  8910 | D:10     | Received a gift from Okawaru
  9096 | D:10     | Found a staircase to the Lair.
  9204 | D:10     | Received a gift from Okawaru
  9284 | D:10     | Found a staircase to the Orcish Mines.
  9667 | D:11     | Found a frozen archway.
  9686 | D:11     | Received a gift from Okawaru
  9707 | IceCv    | Entered an ice cave
  9869 | IceCv    | Reached skill level 5 in Throwing
  9914 | IceCv    | Noticed a death yak
  9931 | IceCv    | Killed a death yak
  9933 | IceCv    | Reached XP level 12. HP: 60/77 MP: 15/15
 10112 | IceCv    | Noticed a death yak
 10113 | IceCv    | Noticed a death yak
 10122 | IceCv    | Killed a death yak
 10123 | IceCv    | Reached skill level 10 in Fighting
 10136 | IceCv    | Killed a death yak
 10136 | IceCv    | Identified the +7 morningstar of Conformity {drain, rElec
                  | Int-5 Dex+6} (Okawaru gifted it to you in an ice cave)
 10136 | IceCv    | Received a gift from Okawaru
 10137 | IceCv    | Reached skill level 10 in Armour
 10184 | IceCv    | Reached skill level 5 in Invocations
 10310 | IceCv    | Reached skill level 5 in Dodging
 10336 | IceCv    | Noticed a death yak
 10336 | IceCv    | Noticed a frost giant
 10336 | IceCv    | Noticed a death yak
 10336 | IceCv    | Noticed a death yak
 10356 | IceCv    | Killed a death yak
 10358 | IceCv    | Killed a death yak
 10365 | IceCv    | Killed a frost giant
 10429 | IceCv    | Killed a death yak
 10777 | D:11     | Noticed a four-headed hydra
 10785 | D:11     | Killed a four-headed hydra
 10785 | D:11     | Reached ****** piety under Okawaru
 10799 | D:11     | Noticed a six-headed hydra
 10800 | D:11     | Noticed a two-headed ogre
 10808 | D:11     | Noticed zynnq's ghost (journeyman DDHu)
 10880 | D:11     | Found a transporter.
 10888 | D:11     | Noticed a six-headed hydra
 10895 | D:11     | Found a transporter.
 11320 | Orc:1    | Entered Level 1 of the Orcish Mines
 11513 | D:10     | Received a gift from Okawaru
 11514 | D:10     | Reached XP level 13. HP: 67/84 MP: 17/17
 11727 | D:10     | Reached skill level 10 in Maces & Flails
 12035 | Orc:2    | Entered Level 2 of the Orcish Mines
 12087 | Orc:2    | Slain by an orc warrior

Illustrated notes

Levels and vault maps discovered:
D:1:      lightli_arrival_boilingwater, layout_basic
D:2:      layout_basic, uniq_robin, uniq_crazy_yiuf_cottage
D:3:      layout_basic, bh_walls_and_bars, uniq_sigmund, uniq_terence,
          uniq_grinder
D:4:      minmay_spotlight, layout_loops_corners,
          gammafunk_temple_overflow_elements
D:5:      layout_rooms, serial_bayou, serial_bayou_pond_b, serial_bayou_pond_a,
          serial_bayou_shore_a, serial_bayou_lagoon_a,
          kennysheep_generic_room_12
D:6:      layout_basic, mainiacjoe_overflow_alcove_3,
          minmay_temple_entry_drinking_statues, uniq_menkaure
D:7:      layout_rooms, minmay_holes
D:8:      layout_rooms, nicolae_straight_to_the_point
D:9:      layout_irregular_city, kennysheep_island_fort
D:10:     layout_basic, due_lair_maze_entry_diamond, hiddenorc2_lemuel,
          serial_shops, nicolae_shop_advertising_works
          [nicolae_subvault_shop_adworks], minmay_misc_feat_four_crosses,
          chequers_serial_rivers_marsh, grunt_ministairs_6
D:11:     layout_irregular_city, portal_ice_cave_entry_imps, nzn_ghost_randoct
Temple:   eino_temple_rhombus
Orc:1:    layout_caves
Orc:2:    st_orc_town, layout_diamond_mine, maelrawn_ghost_gauntlet_escape,
          nicolae_alphabet_shops

Skill      XL: |  1  2  3  4  5  6  7  8  9 10 11 12 13 |
---------------+----------------------------------------+-----
Armour         | 4 5 6 7 8 9 10 11 | 11.1
Shields        | 4 5 6 7 8 9 |  9.7
Fighting       | 4 5 6 7 8 9 10 11 | 11.1
Maces & Flails | 3 4 5 6 7 8 9 10 | 10.1
Throwing       | 1 3 4 5 |  5.0
Dodging        | 1 3 4 5 |  5.5
Invocations    | 3 4 5 6 |  6.0
Evocations     | 2 3 4 |  4.7

Action                   |  1- 3 |  4- 6 |  7- 9 | 10-12 | 13-15 || total
-------------------------+-------+-------+-------+-------+-------++-------
Melee: Flail             |    84 |       |       |       |       ||    84
       Mace              |       |    66 |   194 |   428 |       ||   688
       Morningstar       |       |       |       |   151 |    87 ||   238
Throw: Boomerang         |       |       |    84 |    11 |       ||    95
       Javelin           |       |       |       |    15 |     3 ||    18
Invok: Heroism           |       |       |       |     2 |     1 ||     3
Evoke: Wand              |       |       |     1 |    15 |       ||    16
  Use: Potion            |     3 |       |     2 |     2 |     1 ||     8
       Scroll            |       |     3 |       |    11 |       ||    14
 Stab: Sleeping          |       |       |     1 |       |       ||     1
       Paralysed         |       |       |       |     5 |       ||     5
Armor: Scale mail        |    56 |    27 |    73 |       |       ||   156
       Chain mail        |       |       |     8 |    14 |       ||    22
       Ring mail         |       |       |     3 |       |       ||     3
       Plate armour      |       |       |       |   333 |    59 ||   392
Dodge: Dodged            |    40 |    20 |    65 |   203 |    49 ||   377
Block: Buckler           |    17 |    11 |    62 |    47 |       ||   137
       Kite shield       |       |       |       |   378 |    77 ||   455

Table legend: (Time is in decaauts)
 A = Elapsed time spent in this place.
 B = Non-inter-level travel time spent in this place.
 C = Inter-level travel time spent in this place.
 D = Time resting spent in this place.
 E = Time spent auto-exploring this place.
 F = Levels seen in this place.
 G = Mean time per level.
                   A        B        C        D        E       F      G
               +--------+--------+--------+--------+--------+-----+--------+
         Total |  12308 |  11501 |    807 |    427 |   8173 |  15 |  820.5 |
       Dungeon |  10594 |   9829 |    765 |    340 |   7485 |  11 |  963.1 |
        Temple |    345 |    318 |     27 |      0 |    250 |   1 |  345.0 |
  Orcish Mines |    337 |    323 |     14 |      0 |    170 |   2 |  168.5 |
      Ice Cave |   1031 |   1031 |      0 |     87 |    268 |   1 | 1031.0 |
               +--------+--------+--------+--------+--------+-----+--------+

Top non-repeatable levels by time:
    D:10: 1374 daAuts
     D:3: 1306 daAuts
     D:5: 1134 daAuts
     D:2: 1123 daAuts
     D:6: 1087 daAuts
   IceCv: 1031 daAuts
     D:4: 962 daAuts
     D:9: 889 daAuts
     D:7: 750 daAuts
    D:11: 675 daAuts
     D:8: 655 daAuts
     D:1: 634 daAuts
  Temple: 345 daAuts
   Orc:1: 280 daAuts
   Orc:2: 56 daAuts
